Map: Pendiente de Agustín EE

Players

TATORREA - Winner!

  • Race: Protoss Protoss
  • League: Gold
  • Spawn Location: 6:00

tigro - Winner!

  • Race: Terran Terran
  • League: Bronze
  • Spawn Location: 6:00

MrFercho - Winner!

  • Race: Zerg Zerg
  • League: Silver
  • Spawn Location: 5:00

Baldur

  • Race: Protoss Protoss
  • League: Silver
  • Spawn Location: 12:00

nico

  • Race: Zerg Zerg
  • League: Bronze
  • Spawn Location: 11:00

exilid

  • Race: Protoss Protoss
  • League: Bronze
  • Spawn Location: 12:00

VOD

Have the link to the VOD?

Description

Time

  • Played on: July 14, 2020, 9:23 p.m.
  • Length: 16:23
Show
View Real Time Build Order
Export as new Build Order

TATORREA Protoss - Winner!

Build Orders:  

Get SALT Encoding   

  12  0:02  Probe  
  13  0:14  Probe  
  13  0:20  Pylon  
  14  0:26  Probe  
  15  0:37  Probe  
  16  0:42  Gateway  
  16  0:46  Probe  
  16  0:49  Assimilator  
  17  0:54  Probe  
  18  1:04  Probe  
  18  1:06  Pylon  
  19  1:13  Assimilator  
  19  1:17  Probe  
  20  1:25  Probe  
  21  1:33  Probe  
  21  1:34  Zealot  
  24  1:43  Probe  
  24  1:46  Cybernetics Core  
  25  1:55  Probe  
  26  2:17  Gateway  
  26  2:19  Gateway  
  26  2:46  Probe  
  26  2:47  Warp Gate  
  27  2:56  Stalker  
  29  3:03  Nexus  
  29  3:06  Pylon  
  29  3:10  Pylon  
  28  3:12  Probe  
  28  3:25  Probe  
  28  3:26  Stalker  
  31  3:27  Stalker  
  31  3:30  Sentry  
  35  3:43  Pylon  
  35  3:44  Probe  
  36  3:56  Probe  
  37  4:26  Probe  
  37  4:27  Probe  
  39  4:34  Probe  
  39  4:35  Probe  
  39  4:40  Robotics Facility  
  39  4:41  Stargate  
  39  4:44  Probe x2  
  39  4:45  Gateway  
  41  4:46  Stalker x2  
  41  4:47  Stalker  
  49  4:56  Probe  
  49  4:58  Probe  
  51  5:05  Assimilator  
  51  5:07  Assimilator  
  51  5:08  Probe  
  51  5:10  Probe  
  53  5:19  Stalker x2  
  53  5:20  Stalker, Probe  
  60  5:22  Probe  
  61  5:28  Void Ray  
  65  5:38  Immortal  
  69  5:44  Probe  
  70  5:57  Pylon  
  70  6:00  Pylon  
  70  6:04  Pylon  
  70  6:17  Observer  
  72  6:23  Void Ray  
  75  6:30  Robotics Bay  
  75  6:33  Sentry x2, Gateway  
  75  6:34  Sentry  
  75  6:36  Gateway  
  81  6:47  Probe x2  
  83  6:50  Sentry  
  85  7:00  Probe  
  86  7:40  Stargate  
  86  7:49  Fleet Beacon  
  86  7:50  Nexus  
  86  7:51  Pylon  
  76  8:22  Extended Thermal Lance  
  76  8:23  Probe x2  
  78  8:28  Void Ray  
  78  8:33  Colossus  
  88  8:35  Void Ray, Probe x2  
  88  8:38  Stalker x4  
  102  8:52  Pylon  
  102  8:55  Pylon  
  100  9:09  Pylon  
  96  9:13  Pylon  
  96  9:15  Pylon, Probe x3  
  99  9:17  Void Ray  
  99  9:20  Pylon  
  103  9:27  Colossus  
  103  9:29  Void Ray  
  113  9:32  Robotics Facility  
  113  9:48  Probe x3  
  113  9:50  Stalker  
  113  9:51  Stalker  
  120  9:56  Forge  
  120  9:59  Forge  
  120  10:00  Twilight Council, Forge  
  120  10:10  Assimilator  
  120  10:14  Stalker x3  
  122  10:15  Stalker x3  
  122  10:16  Assimilator  
  132  10:24  Probe x3  
  64  11:15  Stalker x5  
  64  11:16  Stalker  
  64  11:18  Void Ray  
  76  11:21  Void Ray  
  76  11:23  Colossus  
  90  11:45  Probe x3  
  93  11:48  Nexus  
  93  11:52  Pylon  
  93  11:54  Stalker x2  
  93  11:55  Stalker x3, Pylon  
  93  11:56  Stalker  
  93  11:57  Probe x3  
  93  11:58  Pylon  
  93  12:01  Void Ray  
  108  12:02  Assimilator, Unknown  
  108  12:08  Assimilator  
  112  12:15  Phoenix  
  114  12:30  Protoss Ground Weapons Level 1  
  114  12:32  Probe x3  
  114  12:35  Protoss Ground Armor Level 1  
  114  12:36  Stalker x3  
  114  12:37  Stalker x3  
  125  12:40  Phoenix  
  125  12:43  Protoss Shields Level 1  
  131  12:59  Probe x3  
  131  13:01  Probe  
  135  13:11  Probe x3  
  138  13:13  Probe  
  138  13:17  Stalker x4, Nexus  
  138  13:18  Stalker x2  
  151  13:20  Pylon  
  151  13:23  Pylon, Probe  
  152  13:29  Gateway  
  152  13:32  Gateway  
  152  13:34  Gateway  
  152  13:37  Gateway  
  152  13:40  Phoenix  
  154  13:43  Phoenix  
  154  13:47  Gateway, Anion Pulse-Crystals  
  156  13:50  Gateway  
  156  13:59  Colossus  
  162  14:03  Colossus  
  162  14:05  Phoenix  
  162  14:08  Phoenix  
  172  14:11  Probe x2  
  172  14:12  Probe  
  161  14:22  Assimilator x2  
  154  14:50  Stalker  
  154  14:51  Stalker x3  
  154  14:52  Stalker x5  
  170  14:53  Stalker x3  
  179  15:21  Observer  
  179  15:25  Colossus  
  179  15:28  Phoenix  
  187  15:29  Phoenix  
  187  15:35  Probe x2  
  190  15:36  Probe x2  
  193  15:44  Probe  
  193  15:47  Probe  
  193  15:48  Probe x3  
  198  15:52  Phoenix  
Show
View Real Time Build Order
Export as new Build Order

tigro Terran - Winner!

Build Orders: 2 Factory 

Get SALT Encoding   

  12  0:03  SCV  
  13  0:15  SCV  
  14  0:24  Supply Depot  
  14  0:27  SCV  
  15  0:36  Refinery  
  15  0:46  SCV  
  16  0:51  Barracks  
  16  0:58  SCV  
  17  1:09  Refinery  
  17  1:10  SCV  
  18  1:22  SCV  
  19  1:45  Barracks Tech Lab, Factory  
  19  1:53  SCV  
  20  2:05  SCV  
  21  2:17  SCV  
  21  2:22  Supply Depot  
  22  2:29  SCV  
  23  2:43  SCV  
  24  2:50  Barracks Tech Lab, Engineering Bay  
  24  2:53  Siege Tank  
  24  2:55  SCV  
  28  3:06  Factory  
  28  3:09  Marine  
  29  3:16  Orbital Command  
  29  3:27  Marine  
  30  3:44  Marine  
  31  4:52  Marine, Siege Tank  
  35  5:01  Factory Tech Lab  
  35  5:04  Command Center  
  35  5:10  Marine  
  36  5:24  Refinery  
  36  5:29  Armory  
  36  5:31  Combat Shield  
  36  5:35  Terran Infantry Weapons Level 1  
  36  5:39  Marine  
  37  5:57  Marine  
  37  5:58  Starport  
  38  6:15  Marine  
  39  6:19  Refinery  
  39  6:23  Terran Vehicle Weapons Level 1  
  39  6:33  Marine, SCV  
  39  6:36  Starport  
  41  6:45  SCV  
  42  6:50  Stimpack, Marine  
  43  6:54  Thor  
  43  6:57  SCV  
  43  7:00  Medivac  
  52  7:08  Marine  
  52  7:09  SCV  
  52  7:14  Missile Turret  
  54  7:21  SCV  
  55  7:26  Marine  
  55  7:29  Terran Infantry Armor Level 1  
  56  7:33  SCV  
  57  7:39  Missile Turret  
  57  7:45  SCV  
  58  7:57  SCV  
  59  8:00  Missile Turret, Starport Tech Lab  
  59  8:09  SCV  
  60  8:18  Terran Vehicle And Ship Armor Level 1  
  60  8:21  SCV  
  60  8:26  Supply Depot  
  61  8:29  Missile Turret, Starport Tech Lab  
  61  8:33  SCV  
  62  8:48  SCV  
  63  8:49  Supply Depot  
  63  8:50  Missile Turret  
  63  9:00  SCV  
  64  9:12  Supply Depot  
  64  9:13  Missile Turret  
  64  9:23  Hi-Sec Auto Tracking  
  64  10:03  Marine  
  65  10:12  Terran Ship Weapons Level 1  
  65  10:20  Neosteel Armor  
  65  10:21  Marine  
  65  10:22  Fusion Core  
  66  10:39  Marine  
  67  10:56  Marine  
  66  11:14  Marine  
  59  11:37  Thor  
  59  11:39  Marine  
  66  11:44  Battlecruiser  
  78  11:50  Medivac  
  74  11:57  Marine  
  74  12:00  Terran Infantry Weapons Level 2  
  75  12:06  Terran Vehicle Weapons Level 2  
  69  12:15  Marine  
  63  12:20  Thor  
  68  12:32  Marine  
  68  12:34  Battlecruiser  
  75  12:48  Battlecruiser  
  75  12:50  Marine  
  81  13:03  Thor  
  87  13:08  Marine  
  87  13:26  Marine  
  80  13:38  Medivac  
  82  13:44  Marine  
  74  13:52  Planetary Fortress  
  74  13:55  Weapon Refit  
  74  14:15  Marine  
  75  14:29  Command Center  
  75  14:33  Marine  
  76  14:51  Marine  
  77  15:03  Barracks  
  77  15:09  Marine  
  77  15:10  Battlecruiser x2  
  90  15:27  Marine  
  91  15:36  Refinery  
  91  15:45  Marine, Refinery  
  92  16:03  Marine  
Show
View Real Time Build Order
Export as new Build Order

MrFercho Zerg - Winner!

Build Orders: Hatch First 

Get SALT Encoding   

  12  0:01  Drone  
  13  0:14  Overlord  
  13  0:22  Drone  
  14  0:32  Drone x2  
  16  0:52  Hatchery  
  16  0:55  Drone  
  16  0:56  Drone  
  17  0:59  Drone  
  18  1:15  Extractor  
  17  1:18  Spawning Pool  
  17  1:20  Drone  
  17  1:28  Drone  
  17  1:31  Drone  
  19  1:40  Drone  
  20  1:51  Drone  
  21  2:02  Drone  
  21  2:04  Drone  
  21  2:06  Queen  
  21  2:07  Queen  
  27  2:13  Overlord  
  27  2:16  Drone  
  28  2:45  Lair  
  28  2:51  Drone x2  
  28  2:52  Drone x4  
  34  3:16  Drone x2  
  34  3:17  Roach Warren  
  35  3:23  Spine Crawler  
  35  3:24  Queen  
  36  3:27  Overlord x2  
  36  3:37  Extractor  
  35  3:43  Zergling x2  
  35  3:45  Metabolic Boost  
  28  4:27  Glial Reconstitution  
  28  4:29  Drone x13  
  41  4:37  Queen x2  
  45  4:39  Drone  
  45  4:40  Drone  
  45  4:43  Drone  
  48  4:59  Hatchery  
  47  5:19  Nydus Network  
  46  5:26  Baneling Nest  
  45  5:32  Roach x3  
  45  5:33  Overlord x2  
  45  5:34  Overlord x3  
  51  5:48  Drone  
  52  5:51  Queen  
  54  5:58  Roach x6  
  66  6:07  Extractor  
  65  6:18  Drone x7  
  72  6:23  Centrifical Hooks  
  72  6:27  Roach x2  
  76  6:39  Drone x3  
  79  6:40  Overlord  
  79  6:41  Overlord x4  
  79  6:59  Roach x7  
  93  7:06  Zergling x8  
  97  7:14  Drone  
  97  7:15  Drone  
  99  7:21  Zergling x10  
  104  7:25  Drone  
  105  7:42  Drone x4  
  105  7:43  Drone x3  
  112  7:50  Baneling  
  112  7:51  Baneling x15  
  112  7:53  Zergling x6  
  112  7:54  Zergling x4  
  117  8:08  Zergling x4  
  117  8:09  Zergling x8  
  123  8:19  Zergling x10  
  128  8:32  Extractor  
  127  8:34  Extractor  
  126  8:43  Overseer  
  126  8:45  Pneumatized Carapace  
  126  9:05  Roach x6  
  126  9:07  Overlord x8  
  138  10:00  Nydus Canal  
  138  10:08  Zergling x2  
  138  10:09  Zergling x26  
  142  10:37  Nydus Canal  
  117  11:05  Roach x12  
  135  11:44  Roach x12  
  156  11:53  Extractor  
  140  12:12  Hydralisk Den  
  135  12:20  Ravager x5  
  135  12:21  Ravager x2  
  91  13:01  Muscular Augments  
  82  13:30  Spire  
  82  13:31  Hatchery  
  80  13:34  Hydralisk x12  
  80  13:35  Hydralisk x5  
  114  13:42  Evolution Chamber  
  113  13:52  Hatchery  
  113  13:53  Hatchery  
  111  13:56  Hatchery  
  111  14:00  Hatchery  
  111  14:01  Hydralisk x5  
  111  14:02  Hydralisk  
  121  14:09  Infestation Pit  
  120  14:12  Grooved Spines  
  120  14:15  Hydralisk  
  120  14:16  Hydralisk x3  
  128  14:27  Spore Crawler  
  128  14:29  Spore Crawler  
  115  14:51  Overseer, Spore Crawler  
  108  14:54  Overseer, Spore Crawler  
  105  15:24  Zergling x12  
  105  15:25  Zergling x6  
  114  15:34  Zergling x2  
  114  15:35  Zergling x28  
  129  15:50  Zergling x16  
  129  15:51  Zergling x6  
Show
View Real Time Build Order
Export as new Build Order

Baldur Protoss 

Build Orders:  

Get SALT Encoding   

  12  0:02  Probe  
  13  0:21  Probe  
  13  0:23  Pylon  
  14  0:29  Probe  
  15  0:37  Probe  
  16  0:51  Forge  
  16  0:55  Probe  
  17  0:59  Assimilator  
  17  1:02  Gateway  
  17  1:23  Probe  
  17  1:24  Pylon  
  18  1:35  Probe  
  19  1:40  Gateway  
  19  1:47  Probe  
  20  1:54  Assimilator  
  20  1:59  Probe, Zealot  
  23  2:11  Probe  
  24  2:21  Pylon  
  24  2:23  Probe  
  25  2:49  Photon Cannon  
  25  3:26  Cybernetics Core  
  25  4:10  Warp Gate  
  25  4:19  Robotics Facility x2  
  25  4:34  Stalker  
  25  4:35  Stalker  
  25  4:37  Pylon  
  29  4:39  Nexus  
  29  5:08  Immortal x2  
  37  5:22  Gateway  
  37  5:24  Gateway  
  37  5:28  Probe  
  38  5:36  Probe  
  39  5:48  Probe  
  39  5:50  Stalker x2  
  39  5:53  Pylon  
  39  5:54  Pylon  
  44  5:57  Probe  
  44  6:00  Probe  
  46  6:05  Probe  
  46  6:07  Assimilator  
  46  6:09  Assimilator  
  47  6:12  Probe  
  47  6:14  Probe  
  49  6:20  Stargate  
  49  6:21  Stargate  
  49  6:24  Probe  
  50  6:26  Probe  
  50  6:29  Twilight Council  
  51  6:35  Stalker x2  
  51  6:36  Stalker  
  51  6:37  Probe  
  51  6:39  Probe  
  59  7:07  Zealot  
  59  7:08  Zealot x2  
  63  7:09  Zealot  
  67  7:15  Charge  
  67  8:00  Immortal  
  47  8:18  Stalker  
  47  8:19  Stalker  
  49  8:20  Stalker  
  49  8:22  Stalker  
  49  8:25  Void Ray  
  57  8:30  Probe  
  57  8:31  Probe  
  59  8:43  Probe x2  
  61  8:52  Stalker  
  61  8:53  Stalker  
  61  8:55  Probe x2  
  67  9:07  Probe x2  
  69  9:18  Blink  
  69  9:19  Probe  
  70  9:28  Pylon  
  70  9:29  Pylon  
  70  9:31  Pylon  
  70  9:34  Pylon  
  70  9:37  Pylon  
  70  9:39  Pylon  
  70  9:46  Void Ray, Probe  
  75  9:57  Pylon  
  75  10:04  Photon Cannon  
  75  10:05  Photon Cannon  
  75  10:07  Photon Cannon  
  75  10:09  Photon Cannon  
  75  10:10  Shield Battery  
  75  10:13  Dark Shrine  
  75  10:15  Stalker  
  75  10:16  Stalker x2  
  75  10:17  Stalker  
  65  10:49  Stalker x2  
  65  10:50  Stalker x2  
  51  11:13  Stalker  
  51  11:14  Stalker  
  51  11:15  Stalker  
  45  11:32  Dark Templar  
  40  11:39  Dark Templar  
  35  11:40  Dark Templar x2  
  31  13:23  Pylon  
  31  13:26  Pylon  
  31  13:27  Pylon  
Show
View Real Time Build Order
Export as new Build Order

nico Zerg 

Build Orders: Pool First 

Get SALT Encoding   

  12  0:02  Drone  
  13  0:25  Spawning Pool  
  12  0:29  Overlord  
  12  0:35  Drone  
  13  0:40  Drone  
  14  1:00  Extractor  
  13  1:24  Zergling x2  
  13  1:25  Zergling x4  
  16  1:54  Queen  
  18  2:02  Zergling x6  
  18  2:44  Zergling x6  
  21  2:56  Overlord  
  20  3:13  Queen  
  22  3:27  Zergling x8  
  22  3:29  Overlord  
  21  4:33  Lair  
  21  4:41  Drone x2  
  21  4:42  Drone x2  
  21  4:43  Drone  
  21  4:45  Hatchery  
  25  4:48  Overlord  
  25  5:21  Hatchery  
  24  5:32  Queen  
  26  5:37  Spire  
  25  5:48  Drone  
  25  5:49  Spine Crawler, Drone x4  
  29  5:52  Overlord  
  29  5:53  Drone  
  30  5:58  Extractor  
  29  6:07  Drone  
  29  6:09  Queen  
  32  6:12  Drone  
  33  6:33  Drone x2  
  33  6:38  Extractor x2  
  33  6:41  Drone x5  
  33  6:42  Overlord  
  38  7:13  Zerg Flyer Weapons Level 1  
  38  7:19  Drone x4  
  38  7:21  Drone x2  
  44  7:24  Overlord  
  44  7:25  Overlord  
  44  7:55  Drone  
  44  7:56  Drone x2  
  44  7:57  Overlord  
  47  8:01  Mutalisk x4  
  47  8:02  Mutalisk x3  
  60  8:30  Drone x3  
  60  8:32  Queen  
  65  8:37  Mutalisk x4  
  73  9:15  Overlord x3  
  73  9:19  Overseer  
  73  9:20  Overseer  
  73  9:29  Overlord  
  73  9:30  Overlord x2  
  73  9:33  Overlord x2, Queen  
  75  9:41  Drone x2  
  77  9:45  Extractor  
  77  9:48  Extractor  
  77  9:51  Mutalisk  
  77  9:52  Mutalisk x6  
  83  9:56  Drone  
  83  9:57  Drone x2  
  92  10:07  Mutalisk x2  
  92  10:12  Drone x2  
  92  10:13  Drone x3  
  92  10:14  Drone x2  
  74  11:30  Mutalisk x3  
  74  11:31  Mutalisk x6  
  68  13:20  Mutalisk x3  
  68  13:26  Mutalisk x2  
  70  13:27  Mutalisk x3  
  70  13:33  Mutalisk x7  
  70  13:34  Mutalisk x4  
  90  13:35  Mutalisk x4  
  90  13:40  Overlord  
  90  13:41  Overlord  
  108  13:52  Zerg Flyer Weapons Level 2  
  108  14:00  Infestation Pit  
  59  15:23  Mutalisk x4  
  59  15:24  Mutalisk x5  
  77  15:33  Drone x3  
  80  15:38  Zergling x4  
  80  15:39  Zergling x10  
  80  15:40  Zergling x4  
  80  15:42  Zergling x4  
  91  15:43  Zergling x6  
Show
View Real Time Build Order
Export as new Build Order

exilid Protoss 

Build Orders:  

Get SALT Encoding   

  12  0:18  Pylon  
  12  0:28  Probe  
  13  0:36  Probe  
  13  0:42  Forge  
  14  0:50  Gateway  
  14  0:57  Assimilator  
  14  1:42  Pylon  
  13  1:53  Cybernetics Core  
  13  1:56  Probe  
  14  2:04  Probe  
  15  2:08  Pylon  
  15  2:14  Probe  
  16  2:23  Probe  
  17  2:30  Pylon  
  17  2:31  Probe  
  18  2:40  Probe  
  18  2:41  Assimilator  
  19  2:47  Zealot  
  21  2:53  Probe  
  22  3:04  Warp Gate  
  22  3:26  Robotics Facility  
  22  3:28  Zealot  
  22  3:33  Probe  
  25  3:41  Probe  
  26  3:58  Twilight Council  
  26  4:27  Photon Cannon x2  
  26  4:37  Photon Cannon  
  26  4:57  Probe  
  26  5:04  Protoss Ground Weapons Level 1  
  26  5:05  Probe  
  26  5:06  Charge  
  27  5:09  Nexus  
  27  5:10  Zealot  
  31  5:21  Observer  
  31  5:22  Gateway  
  31  5:32  Zealot  
  34  5:43  Observer  
  34  5:46  Pylon  
  34  5:56  Zealot  
  36  6:30  Observer  
  36  6:34  Robotics Bay  
  36  6:37  Zealot  
  36  6:38  Zealot  
  40  7:35  Probe  
  40  7:43  Probe  
  42  7:52  Probe  
  42  7:54  Assimilator  
  43  7:58  Assimilator  
  43  8:04  Probe  
  43  8:05  Photon Cannon  
  44  8:06  Photon Cannon  
  44  8:08  Photon Cannon  
  44  8:10  Photon Cannon  
  44  8:11  Shield Battery  
  44  8:17  Probe  
  32  9:24  Observer  
  32  9:30  Zealot x2  
  36  9:42  Gateway  
  36  9:50  Gateway  
  36  9:54  Pylon  
  36  10:09  Pylon  
  36  10:12  Pylon  
  36  10:13  Zealot  
  38  10:14  Zealot  
  27  10:36  Zealot x2  
  30  10:43  Zealot  
  27  10:57  Zealot  
  27  10:59  Zealot  
  27  11:00  Zealot  
  29  11:07  Zealot  
  17  11:26  Zealot  
  17  11:27  Zealot  
  17  11:28  Zealot  
  17  11:49  Zealot  
  17  11:50  Zealot  
Tags
 
Add a new tag
Caveats
  • Supply blocks, unpowered buildings, or Contaminate may cause inaccurate times.
  • Supply counts are checked every 10 seconds.